 Dungeon Crawl Stone Soup version 0.27.1-33-g824d729ab1 (webtiles) character file.

Game seed: 2803807297245497219

4 sking99 the Skirmisher (level 1, 24/24 HPs)
             Began as an Ogre Fighter on Dec 10, 2021.
             Quit the game on level 1 of the Dungeon.
             The game lasted 00:00:17 (215 turns).

sking99 the Skirmisher (Ogre Fighter)                Turns: 215, Time: 00:00:18

Health: 24/24      AC:  3    Str: 19    XL:     1   Next: 70%
Magic:  1/1        EV:  8    Int:  9    God:
Gold:   0          SH:  8    Dex:  8    Spells: 0/0 levels left

rFire    . . .     SeeInvis .   a - +0 flail
rCold    . . .     Faith    .   c - +0 kite shield
rNeg     . . .     Spirit   .   b - +0 robe
rPois    .         Reflect  .   (helmet restricted)
rElec    .         Harm     .   (no cloak)
rCorr    .         Rampage  .   (gloves unavailable)
Will     .....                  (boots unavailable)
Stlth    +.........             (no amulet)
HPRegen  0.08/turn              (no ring)
MPRegen  0.07/turn              (no ring)

@: no status effects
A: large, unfitting armour, tough skin 1
a: no special abilities


You were on level 1 of the Dungeon.
You visited 1 branch of the dungeon, and saw 1 of its levels.

Inventory:

Hand Weapons
 a - a +0 flail (weapon)
Armour
 b - a +0 robe (worn)
 c - a +0 kite shield (worn)
Jewellery
 i - a ring of protection from cold
Scrolls
 e - a scroll of acquirement {unknown}
 f - a scroll of teleportation {unknown}
 h - a scroll of identify {unknown}
Potions
 d - a potion of might
 g - a potion of heal wounds {unknown}
 j - a potion of cancellation {unknown}


   Skills:
 + Level 4.1 Fighting
 * Level 2.0 Maces & Flails
 + Level 2.7 Dodging
 + Level 2.7 Shields


You couldn't memorise any spells.
You didn't know any spells.
Your spell library was empty.

Dungeon Overview and Level Annotations

Branches:
Dungeon (1/15)

Altars:


Innate Abilities, Weirdness & Mutations

You are too large for most types of armour.
You have tough skin. (AC +1)


Message History

The ball python hisses angrily.
The goblin shouts!
There are monsters nearby!
There are monsters nearby!
You closely miss the ball python. The ball python closely misses you.
You closely miss the ball python. The ball python barely misses you.
The ball python bites you.
You closely miss the ball python. The ball python bites you.
The ball python closely misses you.
You closely miss the ball python. The ball python barely misses you.
You block the ball python's attack.
You closely miss the ball python. The ball python barely misses you.
You block the ball python's attack.
You sock the ball python!
You kill the ball python!
You block the goblin's attack.
You hit the goblin but do no damage. You block the goblin's attack.
You hit the goblin.
The goblin is severely wounded.
You block the goblin's attack. x2
You barely miss the goblin.
The goblin is severely wounded.
The goblin hits you with a +0 club.
You barely miss the goblin.
The goblin is severely wounded.
The goblin hits you with a +0 club. x2
You hit the goblin.
You kill the goblin!
No target in view!
You start resting.
A frilled lizard comes into view.
The frilled lizard hisses angrily.
Things that are here:
a +0 club; a goblin corpse You sock the frilled lizard!
You kill the frilled lizard!
Your Maces & Flails skill increases to level 2!
No target in view!
You start resting.
HP restored.
Are you sure you want to abandon this character and quit the game? (Confirm with "yes".)

#..#...###.##.......
####..#.#
#.##...#### ......#
#.###### ......# #.#
......# #.####
####### #.##..
#.##.# #.##.# #.##@#
#.##)# #.##.# #....#
######


There were no monsters in sight!

Vanquished Creatures
  A goblin (D:1)
  A hobgoblin (D:1)
  A ball python (D:1)
  2 frilled lizards (D:1)
5 creatures vanquished.

Notes
Turn   | Place    | Note
-------+----------+-------------------------------------------
     0 | D:1      | sking99 the Ogre Fighter began the quest for the Orb.
     0 | D:1      | Reached XP level 1. HP: 24/24 MP: 1/1
   215 | D:1      | Quit the game

Illustrated notes

Levels and vault maps discovered:
D:1:      dpeg_arrival_boxorama, layout_loops_ring, serial_shops, shop

Skill      XL: |  1 |
---------------+----+-----
Maces & Flails | 2 |  2.0
Fighting       | |  4.1
Dodging        | |  2.7
Shields        | |  2.7

Action                   || total
-------------------------++-------
Melee: Flail             ||    20
Armor: Robe              ||     3
Dodge: Dodged            ||     5
Block: Kite shield       ||    12
